 Dungeon Crawl Stone Soup version 0.31-a0-188-g5e087ee2ca (webtiles) character file.

Game seed: 11833583560725110175

14 qw the Shooter (level 2, -4/16 HPs)
             Began as a Deep Elf Hunter on June 23, 2023.
             Killed from afar by a white imp (9 damage)
             ... with a puff of frost
             ... on level 3 of the Dungeon.
             The game lasted 00:00:14 (575 turns).

qw the Shooter (Deep Elf Hunter)                     Turns: 575, Time: 00:00:15

Health: -4/16      AC:  4    Str:  8    XL:     2   Next: 27%
Magic:  4/4        EV: 12    Int: 13    God:
Gold:   75         SH:  0    Dex: 18    Spells: 1/1 levels left

rFire   . . .        Y - +0 shortbow
rCold   . . .        (shield currently unavailable)
rNeg    . . .        c - +0 leather armour
rPois   .            (no helmet)
rElec   .            f - +0 cloak
rCorr   +            (no gloves)
SInv    .            (no boots)
Will    .....        h - amulet of faith
Stlth   ++           j - ring of resist corrosion
HPRegen 0.22/turn    (no ring)
MPRegen 0.09/turn

%: faith
@: no status effects
A: no striking features
a: no special abilities


You were on level 3 of the Dungeon.
You visited 1 branch of the dungeon, and saw 4 of its levels.

You collected 75 gold pieces.


   Skills:
 - Level 1.5 Fighting
 + Level 6.1 Ranged Weapons
 - Level 2.4 Dodging
 - Level 1.2 Stealth


You had one spell level left.
You didn't know any spells.
Your spell library was empty.

Inventory:

Hand Weapons
 Y - a +0 shortbow (weapon)
Armour
 c - a +0 leather armour (worn)
 f - a +0 cloak (worn)
Jewellery
 h - an amulet of faith (around neck)
 j - a ring of resist corrosion (left hand)
Scrolls
 a - a scroll of identify
Potions
 i - a potion of enlightenment {unknown}

Dungeon Overview and Level Annotations

Branches:
Dungeon (4/15)
 Temple: D:4-7

Altars:


Message History

(D) Dungeon
Where to? (* - list waypoints, Enter - D:2, ? - help)
What level of the Dungeon? (default 1, ? - help)
Found a stone and a bardiche.
There is a stone staircase leading up here.
You climb upwards.
There is a stone staircase leading down here.
An adder is nearby!
Waypoint 3 assigned to D:3.
You shoot an arrow.
The arrow hits the adder but does no damage.
You hear a shout!
A white imp comes into view.
You shoot an arrow. The arrow barely misses the adder.
You shoot an arrow. The arrow closely misses the adder.
The arrow hits the white imp.
The white imp is moderately wounded.
You shoot an arrow. The arrow closely misses the adder.
The arrow closely misses the white imp.
The adder bites you but does no damage.
You shoot an arrow. The arrow hits the adder.
The adder is lightly wounded.
The adder bites you. The adder bites you but does no damage.
You shoot an arrow. The arrow barely misses the white imp.
The white imp hits you but does no damage.
The adder bites you but does no damage.
You shoot an arrow. The arrow hits the white imp.
The white imp is heavily wounded.
The adder bites you. The white imp gestures at you. The puff of frost hits you!
Ouch! That really hurt!
The adder barely misses you. The white imp barely misses you.
You shoot an arrow. The arrow closely misses the white imp.
The adder closely misses you. The white imp closely misses you.
You shoot an arrow. The arrow closely misses the white imp.
The adder barely misses you. The white imp gestures at you.
The puff of frost hits you!
Ouch! That really hurt!
You die...

. ##.
#.. #.#
###.#
+...#
#5S#####
#@....#
#####.#


You could see an adder and a white imp.

Vanquished Creatures
  4 endoplasms
  A giant cockroach (D:2)
  A hobgoblin (D:1)
  3 ball pythons
  2 bats (D:1)
  A frilled lizard (D:1)
  A kobold (D:1)
13 creatures vanquished.

Notes
Turn   | Place    | Note
-------+----------+-------------------------------------------
     0 | D:1      | qw the Deep Elf Hunter began the quest for the Orb.
     0 | D:1      | Reached XP level 1. HP: 12/12 MP: 3/3
     0 | D:1      | 0 ||| qw: Version: 0.3-a-9-g12657ce
     0 | D:1      | 0 ||| qw: Game counter: 3091
     0 | D:1      | 0 ||| qw: Always use a shield: true
     0 | D:1      | 0 ||| qw: God list: Okawaru
     0 | D:1      | 0 ||| qw: Allow faded altars: false
     0 | D:1      | 0 ||| qw: Do Orc after D:15 true
     0 | D:1      | 0 ||| qw: Do second Lair branch before Depths: true
     0 | D:1      | 0 ||| qw: Lair rune preference: random
     0 | D:1      | 0 ||| qw: Plans: Normal
     0 | D:1      | 0 ||| PLANNING D:1-11
   266 | D:1      | Reached XP level 2. HP: 16/16 MP: 4/4
   294 | D:1      | Reached skill level 6 in Ranged Weapons
   469 | D:1      | 469 ||| UPGRADING to +0 cloak.
   474 | D:1      | 474 ||| UPGRADING to amulet of faith.
   479 | D:1      | 479 ||| UPGRADING to ring of resist corrosion.
   480 | D:1      | 480 ||| READING 2 scrolls labelled DEUHUN ZUGOAMI.
   481 | D:1      | 481 ||| READING scroll labelled TAP NIGAMANEAT.
   486 | D:1      | 486 ||| READING scroll labelled KIBIPAD ASIXO.
   487 | D:1      | 487 ||| DRINKING 2 bubbling orange potions.
   494 | D:1      | 494 ||| DROPPING scroll of butterflies.
   495 | D:1      | 495 ||| DROPPING potion of ambrosia.
   552 | D:2      | You fall into a shaft and drop 2 floors!
   575 | D:3      | Killed from afar by a white imp

Levels and vault maps discovered:
D:1:      wander_arrival_peaceful_grave, layout_basic, minmay_tall_x
D:2:      layout_loops_corners, hellmonk_ecumenical_altar_leap_of_faith,
          serial_forest, infiniplex_forest_clump_small,
          infiniplex_forest_clump_medium, infiniplex_forest_clump_large,
          infiniplex_forest_lined_2, infiniplex_forest_lined_2,
          infiniplex_forest_clump_C
D:3:      layout_basic, minmay_gold_behind_fungi, grunt_ministairs_11,
          grunt_decor_clamped, minmay_diced_spiral, uniq_pargi
D:4:      cheibrodos_fertilizer, layout_basic, hangedman_feature_mirror,
          uniq_menkaure, uniq_pikel

Skill      XL: |  1  2 |
---------------+-------+-----
Ranged Weapons | 6 |  6.1
Fighting       | |  1.5
Dodging        | |  2.4
Stealth        | |  1.2

Action                     || total
---------------------------++-------
   Fire: Shortbow          ||    36
    Use: Scroll            ||     3
         Potion            ||     1
 Armour: Leather armour    ||     4
  Dodge: Dodged            ||     8

Table legend:
 A = Non-vault XP
 B = Vault XP
 C = Vault XP percentage of total XP
 D = Non-vault monster count
 E = Vault monster count
 F = Vault count percentage of total count
                 A         B        C        D         E       F
            +---------+---------+-------+---------+---------+-------
      Total |      13 |       7 |  35.0 |       9 |       4 |  30.8
            +---------+---------+-------+---------+---------+-------
        D:1 |       8 |       7 |  46.7 |       6 |       4 |  40.0
        D:2 |       5 |       0 |   0.0 |       3 |       0 |   0.0
            +---------+---------+-------+---------+---------+-------
